Map: Triton LE

Players

ViBE - Winner!

  • Race: Zerg Zerg
  • League: Bronze
  • Spawn Location: 11:00

Mogmaar

  • Race: Protoss Protoss
  • League: Silver
  • Spawn Location: 5:00

VOD

https://www.youtube.com/watch?v=kuS_PgtyAP8&list=PLFeZeom2b4DmHduNHeFj-6PfoasuSQn3P&index=2

Description

Time

  • Played on: Dec. 5, 2019, 4:30 p.m.
  • Length: 11:19
Show
View Real Time Build Order
Export as new Build Order

ViBE Zerg - Winner!

Build Orders: Hatch First 

Get SALT Encoding   

  12  0:01  Drone  
  13  0:13  Overlord  
  13  0:18  Drone  
  14  0:31  Drone x2  
  14  0:35  Drone  
  17  0:53  Hatchery  
  16  0:57  Drone  
  16  1:01  Drone  
  18  1:07  Drone  
  19  1:16  Spawning Pool  
  18  1:30  Drone  
  18  1:31  Drone  
  20  1:40  Extractor  
  19  1:49  Drone  
  20  2:01  Overlord  
  20  2:03  Drone  
  21  2:09  Queen x2  
  21  2:12  Drone  
  21  2:13  Drone  
  27  2:21  Drone  
  28  2:25  Drone  
  29  2:34  Drone x2  
  31  2:41  Overlord  
  31  2:43  Drone  
  32  2:45  Lair  
  32  2:46  Queen  
  32  2:48  Drone  
  35  3:00  Overlord  
  35  3:03  Drone  
  36  3:13  Drone x2  
  36  3:14  Roach Warren  
  36  3:15  Drone  
  36  3:17  Drone x2  
  36  3:19  Drone x4  
  44  3:23  Drone  
  45  3:30  Extractor  
  45  3:31  Extractor, Overlord  
  43  3:37  Drone  
  44  3:44  Hatchery  
  44  3:46  Drone x2  
  45  3:51  Drone x5  
  50  3:57  Overlord  
  50  3:59  Roach  
  52  4:08  Evolution Chamber  
  52  4:09  Roach x2  
  55  4:26  Overlord  
  55  4:27  Roach  
  55  4:28  Roach x5  
  67  4:31  Overlord x2  
  67  4:48  Drone x3  
  67  4:50  Glial Reconstitution, Zerg Missile Weapons Level 1  
  70  4:55  Drone x4  
  74  5:01  Drone x4  
  74  5:05  Drone x2  
  80  5:11  Overlord  
  79  5:14  Spore Crawler  
  79  5:16  Spore Crawler  
  79  5:20  Drone x3, Hatchery  
  68  5:24  Queen  
  66  5:31  Drone x3  
  66  5:32  Drone  
  61  5:41  Drone x4  
  65  5:42  Drone  
  65  5:52  Spore Crawler  
  65  5:54  Drone x5  
  65  5:56  Drone  
  70  6:02  Drone x3  
  73  6:10  Drone x5  
  73  6:11  Drone  
  79  6:15  Drone, Extractor  
  79  6:16  Extractor  
  76  6:18  Queen  
  78  6:26  Drone x6  
  84  6:37  Drone x3  
  87  6:45  Extractor  
  86  6:49  Hydralisk Den  
  86  6:51  Drone x2  
  86  6:52  Drone  
  88  6:58  Drone x8  
  96  7:07  Drone x4  
  98  7:11  Drone  
  98  7:12  Drone x2  
  98  7:14  Drone  
  100  7:21  Overlord x3  
  98  7:23  Grooved Spines  
  94  7:31  Hydralisk x6  
  94  7:34  Overlord x4  
  94  7:35  Zerg Missile Weapons Level 2  
  100  7:45  Drone, Evolution Chamber  
  100  7:48  Drone  
  100  7:49  Infestation Pit  
  100  7:55  Hydralisk x6  
  100  7:56  Hydralisk x3  
  118  7:58  Overlord  
  118  7:59  Overlord  
  118  8:12  Hydralisk x6  
  126  8:15  Zerg Ground Armor Level 1  
  130  8:22  Hatchery  
  129  8:27  Hydralisk x7  
  129  8:28  Hydralisk  
  129  8:34  Hive  
  145  8:35  Muscular Augments  
  145  8:48  Extractor x2  
  144  8:49  Drone x2  
  144  8:51  Drone  
  146  8:57  Hydralisk  
  146  8:58  Hydralisk x13  
  174  9:05  Overlord x2  
  174  9:32  Hydralisk  
  174  9:33  Hydralisk x11  
  198  9:38  Hydralisk  
  196  10:47  Hatchery  
  193  10:53  Drone  
Show
View Real Time Build Order
Export as new Build Order

Mogmaar Protoss 

Build Orders: Double Forge, Oracle Opening 

Get SALT Encoding   

  12  0:01  Probe  
  13  0:23  Pylon, Probe  
  14  0:35  Probe  
  15  0:44  Gateway  
  15  0:50  Pylon  
  15  0:52  Probe (Chrono Boost)  
  16  1:01  Assimilator  
  16  1:02  Probe (Chrono Boost)  
  17  1:07  Probe (Chrono Boost)  
  19  1:19  Probe (Chrono Boost)  
  19  1:21  Assimilator  
  19  1:26  Probe (Chrono Boost)  
  20  1:38  Cybernetics Core  
  20  1:40  Pylon  
  20  1:45  Probe  
  21  1:57  Probe  
  22  2:11  Probe  
  23  2:17  Stargate  
  23  2:21  Pylon  
  23  2:23  Probe  
  24  2:46  Pylon  
  24  2:49  Pylon  
  24  2:57  Protoss Air Weapons Level 1 (Chrono Boost)  
  24  3:00  Oracle  
  27  3:14  Forge  
  27  3:37  Nexus  
  27  3:40  Assimilator  
  27  3:42  Assimilator  
  27  3:45  Oracle  
  30  3:59  Photon Cannon  
  30  4:06  Forge  
  30  4:14  Assimilator  
  30  4:35  Fleet Beacon  
  30  4:55  Probe  
  32  5:07  Probe  
  32  5:19  Probe  
  33  5:31  Probe  
  33  5:43  Probe  
  31  5:50  Tempest  
  31  5:55  Probe (Chrono Boost)  
  37  6:07  Probe (Chrono Boost)  
  38  6:11  Probe (Chrono Boost)  
  38  6:12  Photon Cannon  
  38  6:14  Photon Cannon  
  39  6:21  Probe  
  40  6:26  Photon Cannon  
  40  6:27  Sentry  
  40  6:28  Photon Cannon  
  40  6:31  Photon Cannon  
  42  6:33  Probe  
  48  6:58  Void Ray  
  47  7:18  Protoss Air Armor Level 1  
  40  7:34  Nexus  
  40  7:46  Pylon  
  40  7:49  Pylon, Carrier (Chrono Boost)  
  40  7:50  Pylon  
  46  8:24  Probe  
  47  8:33  Stargate  
  47  8:36  Probe  
  48  8:45  Forge  
  48  8:47  Shield Battery  
  48  8:48  Probe (Chrono Boost)  
  49  8:50  Shield Battery  
  49  8:53  Probe (Chrono Boost)  
  50  8:59  Probe (Chrono Boost)  
  52  9:03  Probe (Chrono Boost)  
  52  9:04  Probe (Chrono Boost)  
  53  9:12  Probe  
  53  9:14  Probe  
  55  9:25  Probe  
  55  9:26  Probe  
  57  9:38  Probe  
  57  9:41  Nexus  
  58  9:57  Carrier (Chrono Boost)  
  64  10:17  Photon Cannon  
  64  10:18  Photon Cannon  
  64  10:22  Photon Cannon  
  44  10:56  Pylon  
  41  10:59  Forge  
Tags
 
Add a new tag
Caveats
  • Supply blocks, unpowered buildings, or Contaminate may cause inaccurate times.
  • Supply counts are checked every 10 seconds.